 Dungeon Crawl Stone Soup version 0.20-a0-971-g5896763 (webtiles) character file.

310 rhapsody01 the Chopper (level 6, 0/56 HPs)
             Began as a Minotaur Berserker on Apr 8, 2017.
             Was a Priest of Trog.
             Slain by an iron imp (3 damage)
             ... summoned by Eustachio
             ... on level 4 of the Dungeon.
             The game lasted 00:21:07 (2805 turns).

rhapsody01 the Chopper (Minotaur Berserker)         Turns: 2805, Time: 00:21:08

Health: 0/56       AC:  3    Str: 24    XL:     6   Next: 18%
Magic:  0/5        EV: 12    Int:  4    God:    Trog [***...]
Gold:   173        SH:  5    Dex:  9    Spells: 5/5 levels left

rFire    . . .     SeeInvis .   q - +1 mace (crush)
rCold    . . .     Gourm    .   w - +2 buckler
rNeg     . . .     Faith    .   b - +0 animal skin
rPois    .         Spirit   +   (helmet restricted)
rElec    .         Reflect  .   (no cloak)
rCorr    .         Harm     .   d - +0 pair of gloves
MR       +....                  (no boots)
Stlth    +.........             y - amulet of guardian spirit
Regen    0.2/turn               x - ring of protection from magic
MPRegen  0.1/turn               (no ring)

@: exhausted, very slightly contaminated, slowed, invisible, very slow
A: retaliatory headbutt, horns 2
a: Berserk, Trog's Hand, Burn Spellbooks, Renounce Religion


You were on level 4 of the Dungeon.
You worshipped Trog.
Trog was most pleased with you.
You were not hungry.

You visited 1 branch of the dungeon, and saw 4 of its levels.

You collected 173 gold pieces.

Inventory:

Hand Weapons
 a - a +0 hand axe
 q - a +1 mace of crushing (weapon)
 v - a +0 hunting sling
Missiles
 k - 82 stones (quivered)
Armour
 b - a +0 animal skin (worn)
 d - a +0 pair of gloves (worn)
 w - a +2 buckler (worn)
Jewellery
 x - a ring of protection from magic (left hand)
 y - an amulet of guardian spirit (around neck)
 A - an uncursed ring of see invisible {unknown}
Scrolls
 h - a scroll of amnesia {unknown}
 i - 6 scrolls of identify {unknown}
 n - 2 scrolls of immolation {unknown}
 o - a scroll of recharging {unknown}
 p - 2 scrolls of enchant armour {unknown}
 s - a scroll of random uselessness {unknown}
 u - a scroll of remove curse {unknown}
 B - a scroll of teleportation {unknown}
 C - a scroll of blinking {unknown}
Potions
 e - 2 potions of curing
 j - 2 potions of ambrosia
 l - 2 potions of invisibility
 m - 3 potions of mutation {unknown}
 r - a potion of degeneration {unknown}
 t - a potion of brilliance {unknown}
Comestibles
 c - 2 bread rations
 f - a fruit
 g - 2 meat rations
 z - 4 royal jellies


   Skills:
 + Level 5.2 Fighting
 + Level 5.3(5.9) Axes
 * Level 3.7(5.1) Maces & Flails
 + Level 0.4 Throwing
 + Level 2.4 Armour
 + Level 3.1 Dodging
 + Level 0.6 Stealth
 + Level 0.8 Shields


You had 5 spell levels left.
You didn't know any spells.

Dungeon Overview and Level Annotations

Branches:
Dungeon (4/15)
 Temple: D:4-7

Altars:

Annotations:
D:4 Eustachio


Innate Abilities, Weirdness & Mutations

You reflexively headbutt those who attack you in melee.
You have a pair of horns on your head.


Message History

It was a potion of invisibility.
You fade into invisibility!
The quokka disappears in a puff of smoke!
Eustachio hits you with an antimagic falchion!
* * * LOW HITPOINT WARNING * * *
You feel your power leaking away. The quokka closely misses you.
You block the iron imp's attack.
Eustachio hits you with an antimagic falchion!
* * * LOW HITPOINT WARNING * * *
You are very lightly contaminated with residual magic.
You hit the quokka. You headbutt the quokka.
You kill the quokka!
The quokka's corpse disappears in a puff of smoke!
You block the iron imp's attack. Eustachio closely misses you.
You furiously retaliate!
You headbutt Eustachio. The iron imp closely misses you.
Eustachio barely misses you. You furiously retaliate!
You headbutt Eustachio, but do no damage.
The iron imp hits you.
You die...

..............#
..............#
..............#
..............#
.............##
.............#
.......(..ยง.##
............#############
#...........r.5@@........
##.........#.###5........
##.......#.## ####.#####
###.......# ## ..#.....##
........ ........ ###....


You could see Eustachio, an iron imp, a river rat and a shadow imp.

Vanquished Creatures
  A centaur (D:4)
  An orc wizard (D:4)
  2 iguanas (D:4)
  A worker ant (D:4)
  4 adders
  5 worms
  3 leopard geckos
  3 orcs
  4 giant cockroaches
  5 goblins
  9 hobgoblins
  4 jackals (D:3)
  4 quokkas
  10 bats
  9 frilled lizards
  A jackal skeleton (D:4)
  7 kobolds
  9 rats
82 creatures vanquished.

Notes
Turn   | Place    | Note
-------+----------+-------------------------------------------
     0 | D:1      | rhapsody01 the Minotaur Berserker began the quest for the Orb.
     0 | D:1      | Reached XP level 1. HP: 19/19 MP: 0/0
   353 | D:1      | Reached XP level 2. HP: 27/27 MP: 1/1
   870 | D:2      | Reached XP level 3. HP: 34/34 MP: 2/2
  1181 | D:2      | Reached ** piety under Trog
  1465 | D:2      | Reached skill level 5 in Axes
  1465 | D:2      | Reached XP level 4. HP: 41/41 MP: 3/3
  2173 | D:3      | Reached *** piety under Trog
  2228 | D:4      | Reached skill level 1 in Maces & Flails
  2228 | D:4      | Reached XP level 5. HP: 33/47 MP: 1/4
  2242 | D:4      | Reached skill level 5 in Fighting
  2750 | D:4      | Noticed a centaur
  2753 | D:4      | Noticed Eustachio
  2759 | D:4      | Killed a centaur
  2759 | D:4      | Reached XP level 6. HP: 38/56 MP: 1/5
  2805 | D:4      | Slain by an iron imp

Vault maps used:
D:1:      dpeg_arrival_pond, roderic_serpentine_path
D:4:      uniq_eustachio

Skill      XL: |  1  2  3  4  5 |
---------------+----------------+-----
Axes           | 4 5 |  5.3
Fighting       | 4 5 |  5.2
Maces & Flails | 1 3 |  3.7
Dodging        | 3 |  3.1
Throwing       | |  0.4
Armour         | |  2.4
Stealth        | |  0.6
Shields        | |  0.8

Action                   |  1- 3 |  4- 6 || total
-------------------------+-------+-------++-------
Melee: Hand axe          |    63 |       ||    63
       Headbutt          |    18 |    16 ||    34
       Mace              |     6 |   111 ||   117
Throw: Stone             |     4 |       ||     4
Invok: Berserk           |     1 |     1 ||     2
  Use: Potion            |       |     3 ||     3
 Stab: Sleeping          |       |     1 ||     1
  Eat: Chunk             |     2 |     4 ||     6
       Bread ration      |       |     1 ||     1
Armor: Animal skin       |    11 |    32 ||    43
Dodge: Dodged            |    40 |    92 ||   132
Block: Buckler           |       |    34 ||    34
